 Dungeon Crawl Stone Soup version 0.29.1-15-g9cfb28693d (webtiles) character file.

Game seed: 13857203023176473030

23478 growler the Black Belt (level 12, -2/123 HPs)
             Began as a Black Draconian Transmuter on Mar 6, 2023.
             Was a Follower of Wu Jian.
             Slain by Snorg (22 damage)
             ... on level 11 of the Dungeon.
             The game lasted 00:28:24 (13640 turns).

growler the Black Belt (DrTm)                      Turns: 13640, Time: 00:28:24

Health: -2/123     AC: 11    Str: 13    XL:     12   Next: 72%
Magic:  24/27      EV: 10    Int: 16    God:    Wu Jian [*.....]
Gold:   770        SH:  0    Dex: 14    Spells: 9/19 levels left

rFire   x . .      SeeInvis .     - Unarmed
rCold   + + +      Faith    .   (shield currently unavailable)
rNeg    . . .      Spirit   .   (body armour unavailable)
rPois   +          Reflect  .   (helmet currently unavailable)
rElec   .          Harm     .   (cloak currently unavailable)
rCorr   .          Rampage  .   (gloves currently unavailable)
Will    .....                   (boots currently unavailable)
Stlth   ++........              (no amulet)
HPRegen 0.30/turn               i - +4 ring of protection
MPRegen 0.20/turn               r - ring of magical power

@: about to teleport, ice-form
A: freezing attack, amphibious, boosted hp, (breathe lightning), AC +8, large,
unfitting armour, (electricity resistance), (cold-blooded)
a: End Transformation, Renounce Religion


You were on level 11 of the Dungeon.
You worshipped Wu Jian.
Wu Jian was aware of your devotion.
You were a creature of crystalline ice.
You visited 2 branches of the dungeon, and saw 12 of its levels.

You collected 770 gold pieces.

Inventory:

Missiles
 y - a throwing net
Armour
 t - a +0 cloak (melded)
 x - a +2 pair of gloves (melded)
Jewellery
 i - a +4 ring of protection (left front paw)
 r - a ring of magical power (right front paw)
Wands
 u - a wand of mindburst (10)
 v - a wand of light (3)
 w - a wand of flame (15)
 B - a wand of polymorph (9)
 C - a wand of roots (8)
 D - a wand of paralysis (6)
Scrolls
 b - a scroll of amnesia
 e - a scroll of fog {unknown}
 g - a scroll of teleportation
 h - 4 scrolls of brand weapon
 j - 4 scrolls of enchant weapon
 k - 2 scrolls of vulnerability
 o - a scroll of magic mapping {unknown}
 p - a scroll of fear {unknown}
 z - a scroll of poison {unknown}
 A - 2 scrolls of torment {unknown}
Potions
 a - 3 potions of lignification
 c - 6 potions of mutation
 d - 3 potions of curing
 f - 2 potions of heal wounds
 l - 5 potions of resistance
 m - 3 potions of flight
 n - 2 potions of might
 q - 2 potions of attraction
 E - 3 potions of berserk rage


   Skills:
 + Level 8.8 Fighting
 - Level 1.7 Dodging
 + Level 1.0 Stealth
 + Level 17.8 Unarmed Combat
 - Level 4.0 Spellcasting
 - Level 6.0 Transmutations
 - Level 5.0 Ice Magic


You had 9 spell levels left.
You knew the following spells:

 Your Spells              Type           Power      Damage    Failure   Level
a - Beastly Appendage     Tmut           44%        N/A       1%          1
b - Wereblood             Tmut           22%        N/A       2%          2
c - Spider Form           Tmut/Pois      12%        N/A       14%         3
d - Ice Form              Ice/Tmut       20%        N/A       17%         4

Your spell library contained the following spells:

 Spells                   Type           Power      Damage    Failure   Level
 Apportation              Tloc           6%         N/A       17%         1
 Magic Dart               Conj           12%        1d3       17%         1
 Summon Small Mammal      Summ           12%        N/A       17%         1
 Searing Ray              Conj           6%         2d4       26%         2
 Static Discharge         Conj/Air       3%         3-4/arc   26%         2
 Call Canine Familiar     Summ           3%         N/A       45%         3
 Gell's Gravitas          Tloc           3%         N/A       45%         3
 Lesser Beckoning         Tloc           3%         N/A       45%         3
 Summon Guardian Golem    Hex/Summ       3%         N/A       45%         3
 Teleport Other           Tloc           3%         N/A       45%         3
 Alistair's Intoxication  Tmut/Pois      8%         N/A       80%         5
 Fulminant Prism          Conj/Hex       1%         3d6       86%         4
 Iskenderun's Mystic Bla  Conj/Tloc      3%         2d3       86%         4
 Lee's Rapid Deconstruct  Erth           1%         3d5*      99%         5
 Lightning Bolt           Conj/Air       1%         1d12      99%         5
 Maxwell's Capacitive Co  Air            1%         ∞         100%        8


Dungeon Overview and Level Annotations

Branches:
Dungeon (11/15)            Temple (1/1) D:5            Lair (0/5) D:11
    Orc: D:9-12

Altars:
Ashenzari
Cheibriados
Dithmenos
Elyvilon
Fedhas
Gozag
Hepliaklqana
Kikubaaqudgha
Makhleb
Nemelex Xobeh
Okawaru
Qazlal
Ru
Sif Muna
Trog
Uskayaw
Vehumet
Wu Jian
Xom
Zin
The Shining One

Annotations:
D:11 Snorg


Innate Abilities, Weirdness & Mutations

You are a creature of crystalline ice.
You have a powerful freezing melee attack.
You are amphibious.
Your maximum health is increased.
Your armour is entirely melded.
You are incapable of wielding weapons or throwing items.
((You can breathe wild blasts of lightning.))
((Your glossy black scales are hard. (AC +8)))
You cannot fit into any form of body armour.
((You are resistant to electric shocks. (rElec)))
((You are cold-blooded and may be slowed by cold attacks.))


Message History

You warm up again.
Your +0 cloak unmelds from your body.
Your +2 pair of gloves unmelds from your body.
HP restored.
There is an open door, spattered with blood here.
You open the door.
Found a chain mail.
There is an open door here.
Found 5 stones.
Found a stone staircase leading up.
Found a stone staircase leading down.
There is a stone staircase leading down here.
Snorg the Insatiable comes into view.
Casting: Ice Form (dangerous; 17% risk of failure)
Confirm with . or Enter, or press ? or * to list all spells.
You turn into a creature of crystalline ice.
Your +0 cloak melds into your body.
Your +2 pair of gloves melds into your body.
Snorg goes berserk!
You lunge at Snorg, in a flurry of attacks.
You hit Snorg. You freeze Snorg.
Snorg is lightly wounded.
You hit Snorg. You freeze Snorg.
Snorg is lightly wounded.
Snorg bites you!! Snorg barely misses you. Snorg claws you but does no damage.
Snorg completely misses you. Snorg claws you but does no damage.
Snorg claws you!
You pummel Snorg!! You freeze Snorg!
Snorg is moderately wounded.
Snorg bites you! Snorg claws you but does no damage. Snorg claws you!!
As you read the scroll of teleportation, it crumbles to dust.
You feel strangely unstable. Snorg completely misses you.
Snorg claws you but does no damage. Snorg claws you.
You pummel Snorg!! You freeze Snorg.
Snorg is heavily wounded.
Snorg bites you but does no damage. Snorg claws you!! Snorg claws you!
* * * LOW HITPOINT WARNING * * *
Unknown command.
Snorg bites you!!
You die...

#....######...# ######## #....#
.....# #....... #....#. .....#
#....... ..####....#.. #.$..#
#....##.
#........#..##....#.....#....##.
#........#........#.....#.......
#........#........#.....#.......
#........#####:T..#.....#....##.
.########..)>.#.Y..#.....#....##.
........'.....#....#.....#.....#.
........#.....+.....# ##.....#.
........#.....###+#.# #......#.
######'##...........# #####'##.
...................># #......#.
....................# #......#.
....................# #......#.
...[................# # #......##


You could see Snorg (berserk).

Vanquished Creatures
  A boulder beetle (D:11)
  A hydra (D:11)
  A two-headed ogre (D:10)
  Amaemon (D:11)
  2 manticores (D:11)
  Joseph (D:8)
  An orange demon (D:11)
  A komodo dragon (D:11)
  A troll (D:9)
  Sigmund (D:6)
  A shadow (D:9)
  A wraith (D:9)
  2 wyverns (D:9)
  Grum (D:8)
  11 yaks
  Edmund (D:6)
  3 acid dragons
  3 black bears (D:6)
  3 orc warriors
  An ice beast (D:6)
  2 sky beasts
  4 ogres
  4 centaurs
  4 wolves (D:8)
  2 phantoms
  A kobold brigand (D:9)
  2 bullfrogs
  3 scorpions
  6 wights (D:10)
  15 killer bees
  A howler monkey (D:8)
  3 hounds
  8 orc priests
  2 jellies (D:6)
  4 gnoll boudas
  Natasha (thrice) (D:2)
  6 iguanas
  6 orc wizards
  15 gnolls
  7 adders
  A shadow imp (D:7)
  3 white imps
  34 orcs
  5 bats
  7 endoplasms
  10 giant cockroaches
  8 goblins
  3 hobgoblins
  A jackal (D:5)
  6 kobolds
  6 quokkas
  8 ball pythons
  2 frilled lizards (D:2)
  6 rats
236 creatures vanquished.

Vanquished Creatures (others)
  3 plants
3 creatures vanquished.

Grand Total: 239 creatures vanquished

Notes
Turn   | Place    | Note
-------+----------+-------------------------------------------
     0 | D:1      | growler the Draconian Transmuter began the quest for the
                  | Orb.
     0 | D:1      | Reached XP level 1. HP: 16/16 MP: 3/3
   307 | D:1      | Reached XP level 2. HP: 23/23 MP: 3/5
   310 | D:1      | Learned a level 2 spell: Wereblood
  1139 | D:2      | Found a faded altar of an unknown god.
  1514 | D:2      | Reached XP level 3. HP: 28/28 MP: 4/6
  1518 | D:2      | Learned a level 3 spell: Spider Form
  1717 | D:2      | Noticed Natasha
  1721 | D:2      | Killed Natasha
  1957 | D:2      | Noticed Natasha
  1970 | D:2      | Killed Natasha
  1971 | D:2      | Reached XP level 4. HP: 29/35 MP: 8/8
  2259 | D:2      | Noticed Natasha
  2266 | D:2      | Killed Natasha
  2267 | D:2      | Reached skill level 4 in Unarmed Combat
  2462 | D:2      | Found a faded altar of an unknown god.
  2909 | D:3      | Found a broken altar of Ashenzari.
  3209 | D:3      | Reached XP level 5. HP: 38/40 MP: 7/9
  3216 | D:3      | Learned a level 4 spell: Ice Form
  3577 | D:4      | Found a shimmering blue altar of Sif Muna.
  3578 | D:4      | Found an ancient bone altar of Kikubaaqudgha.
  3579 | D:4      | Found a radiant altar of Vehumet.
  3818 | D:4      | Reached skill level 5 in Unarmed Combat
  3853 | D:4      | Reached XP level 6. HP: 30/47 MP: 6/10
  4288 | D:5      | Entered Level 5 of the Dungeon
  4360 | D:5      | Found a stormy altar of Qazlal.
  4398 | D:5      | Reached skill level 6 in Unarmed Combat
  4514 | D:5      | Found a staircase to the Ecumenical Temple.
  4544 | D:5      | Your scales start taking on a glossy black colour.
  4544 | D:5      | Reached XP level 7. HP: 46/52 MP: 4/11
  4544 | D:5      | Gained mutation: You are resistant to electric shocks.
                  | (rElec) [Black Draconian growth]
  4552 | Temple   | Entered the Ecumenical Temple
  4834 | D:5      | Found a shimmering altar of Xom.
  4846 | D:5      | Found a hide-covered altar of Uskayaw.
  4995 | D:5      | Reached skill level 7 in Unarmed Combat
  5442 | D:5      | Found a glowing golden altar of the Shining One.
  5556 | D:5      | Reached skill level 8 in Unarmed Combat
  5924 | D:6      | Reached XP level 8. HP: 59/59 MP: 8/12
  6037 | D:6      | Reached skill level 9 in Unarmed Combat
  6227 | D:6      | Reached skill level 10 in Unarmed Combat
  6419 | D:6      | Noticed Edmund
  6424 | D:6      | Killed Edmund
  6425 | D:6      | Reached skill level 1 in Ice Magic
  6439 | D:6      | Noticed Sigmund
  6455 | D:6      | Killed Sigmund
  6778 | D:7      | Reached XP level 9. HP: 68/68 MP: 3/14
  7053 | D:7      | Reached skill level 5 in Transmutations
  8074 | D:8      | Found a glowing silver altar of Zin.
  8348 | D:8      | Found an ornate altar of the Wu Jian Council.
  8361 | D:8      | Noticed Grum
  8364 | D:8      | Became a worshipper of the Wu Jian Council
  8370 | D:8      | Killed Grum
  8826 | D:8      | Reached skill level 5 in Fighting
  8826 | D:8      | Reached skill level 11 in Unarmed Combat
  8986 | D:8      | Noticed Joseph
  9039 | D:8      | Killed Joseph
  9040 | D:8      | Reached XP level 10. HP: 66/81 MP: 12/16
  9678 | D:9      | Reached skill level 14 in Unarmed Combat
  9678 | D:9      | Reached XP level 11. HP: 88/88 MP: 14/17
  9679 | D:9      | Reached skill level 16 in Unarmed Combat
  9679 | D:9      | Reached XP level 12. HP: 94/94 MP: 14/18
 10085 | D:9      | Reached skill level 5 in Ice Magic
 10318 | D:9      | Reached skill level 17 in Unarmed Combat
 10793 | D:10     | Entered Level 10 of the Dungeon
 10830 | D:10     | Noticed a two-headed ogre
 10841 | D:10     | Killed a two-headed ogre
 11010 | D:10     | Reached * piety under Wu Jian
 11055 | D:10     | Found an iron altar of Okawaru.
 12153 | D:11     | Noticed a boulder beetle
 12166 | D:11     | Killed a boulder beetle
 12572 | D:11     | Found a staircase to the Lair.
 12648 | D:11     | Noticed Amaemon
 12666 | D:11     | Killed Amaemon
 13281 | D:11     | Noticed an eight-headed hydra
 13287 | D:11     | Killed an eight-headed hydra
 13511 | D:11     | Reached skill level 1 in Stealth
 13630 | D:11     | Noticed Snorg
 13640 | D:11     | Slain by Snorg

Illustrated notes

Levels and vault maps discovered:
D:1:      evilmike_arrival_fibonacci_small, layout_loops_corners,
          minmay_door_square
D:2:      layout_loops_ring, basic_ecumenical_altar, serial_glass,
          glass_columns_a, glass_columns_b, glass_columns_a,
          minmay_strange_pillars, item_on_display_a, feat_on_display,
          feat_on_display, uniq_natasha
D:3:      layout_basic, nicolae_ashenzari_panopticon, small_statue_intersection,
          kennysheep_doodads, serial_bayou_lagoon_a, st_stairs_13
D:4:      layout_rooms, grunt_temple_overflow_magic_moments
D:5:      layout_rooms, old_standard_altar, mainiacjoe_overflow_large_starburst,
          tso_metal_star, minmay_temple_entry_statues_fountains,
          kennysheep_generic_room_6
D:6:      layout_loops_ring, sigmund_edmund_badplayer, uniq_sigmund
D:7:      layout_loops_cross, dk_noncrumbling_2
D:8:      layout_loops_corners, nicolae_wu_jian_wuxing_cycle,
          nicolae_overflow_hidden_temple, uniq_joseph, uniq_grum
D:9:      layout_roguey
D:10:     layout_grid_maze, lemuel_crystal_altar
D:11:     layout_gridville, david_lair_shrubbed, uniq_amaemon, uniq_snorg
Temple:   jpeg_temple_alley_garden

Skill      XL: |  1  2  3  4  5  6  7  8  9 10 11 12 |
---------------+-------------------------------------+-----
Transmutations | 3 4 6 |  6.0
Unarmed Combat | 4 5 6 8 10 11 14 16 17 | 17.8
Spellcasting   | 3 4 |  4.0
Ice Magic      | 2 4 5 |  5.0
Fighting       | 2 5 8 |  8.8
Stealth        | 1 |  1.0
Dodging        | |  1.7

Action                   |  1- 3 |  4- 6 |  7- 9 | 10-12 || total
-------------------------+-------+-------+-------+-------++-------
Melee: Unarmed           |   112 |   141 |   279 |   184 ||   716
       Kick              |    17 |    13 |    17 |       ||    47
       Tailslap          |     8 |    16 |    20 |     3 ||    47
       Headbutt          |     8 |     5 |    10 |     1 ||    24
       Punch             |     2 |     4 |     5 |     1 ||    12
 Cast: Beastly Appendage |    24 |    13 |     8 |     1 ||    46
       Spider Form       |       |     5 |    14 |     2 ||    21
       Wereblood         |       |     2 |     4 |     8 ||    14
       Ice Form          |       |       |     2 |    21 ||    23
Invok: Lunge             |       |       |     2 |    22 ||    24
 Abil: End Transformatio |       |     1 |       |       ||     1
       Breathe Lightning |       |       |     4 |       ||     4
Evoke: Wand              |       |       |       |     4 ||     4
  Use: Scroll            |       |     6 |     5 |     7 ||    18
       Potion            |       |       |       |     3 ||     3
 Stab: Sleeping          |       |     1 |     1 |       ||     2
Armor: Skin              |    28 |    46 |    92 |    53 ||   219
Dodge: Dodged            |    59 |   111 |   231 |    70 ||   471
